 Dungeon Crawl Stone Soup version 0.29-a0-334-gb41bcbb86e (webtiles) character file.

Game seed: 15534718329999886630

71 Morbidden the Covered (level 4, 0/35 HPs)
             Began as a Demonspawn Fighter on Apr 14, 2022.
             Slain by a hobgoblin (4 damage)
             ... led by Robin
             ... on level 2 of the Dungeon.
             The game lasted 00:01:43 (1753 turns).

Morbidden the Covered (Demonspawn Fighter)          Turns: 1753, Time: 00:01:43

Health: 0/35       AC:  6    Str: 17    XL:     4   Next: 5%
Magic:  4/4        EV:  9    Int: 11    God:
Gold:   84         SH:  4    Dex: 12    Spells: 3/3 levels left

rFire   . . .      SeeInvis .   a - +0 war axe
rCold   . . .      Faith    .   c - +0 buckler
rNeg    . . .      Spirit   .   b - +0 scale mail
rPois   .          Reflect  .   (no helmet)
rElec   .          Harm     .   (no cloak)
rCorr   .          Rampage  .   (no gloves)
Will    .....                   (no boots)
Stlth   ..........              (no amulet)
HPRegen 0.11/turn               (no ring)
MPRegen 0.09/turn               (no ring)

@: no status effects
A: ignite blood 1, weakness stinger 1
a: no special abilities


You were on level 2 of the Dungeon.
You visited 1 branch of the dungeon, and saw 2 of its levels.

You collected 84 gold pieces.

Inventory:

Hand Weapons
 a - a +0 war axe (weapon)
Armour
 b - a +0 scale mail (worn)
 c - a +0 buckler (worn)
Scrolls
 g - 5 scrolls of teleportation
Potions
 d - 2 potions of might


   Skills:
 + Level 3.3 Fighting
 + Level 2.6 Axes
 + Level 3.3 Armour
 + Level 0.1 Dodging
 + Level 0.2 Stealth
 + Level 3.0 Shields


You had 3 spell levels left.
You didn't know any spells.
Your spell library contained the following spells:

 Spells                   Type           Power      Damage    Failure   Level
 Magic Dart               Conj           0%         1d3       83%         1
 Slow                     Hex            0%         N/A       83%         1
 Call Imp                 Summ           0%         N/A       93%         2
 Confusing Touch          Hex            0%         N/A       99%         3
 Mephitic Cloud           Conj/Pois/Air  0%         N/A       99%         3
 Vampiric Draining        Necr           0%         2d6       99%         3


Dungeon Overview and Level Annotations

Branches:
Dungeon (2/15)

Altars:

Annotations:
D:2 Robin, Terence


Innate Abilities, Weirdness & Mutations

Your demonic aura sometimes causes spilled blood to erupt in flames.
You have a small tail.


Message History

Your tail-slap misses the bat.
The bat hits you but does no damage.
Unknown command.
You hit the hobgoblin.
Your tail-slap misses the hobgoblin.
The hobgoblin is severely wounded.
The bat hits you.
* * * LOW HITPOINT WARNING * * *
You block the hobgoblin's attack.
You slash the hobgoblin!
You kill the hobgoblin!
The bat hits you but does no damage.
Unknown command.
You slash the hobgoblin!
You kill the hobgoblin!
You block the bat's attack.
You have reached level 4!
You feel stronger.
Your demonic ancestry asserts itself...
Your blood heats up.
Unknown command.
You slash the bat!
You kill the bat!
Unknown command.
The goblin no longer looks unusually strong. x2
Things that are here:
a +0 club; 9 gold pieces; a bat corpse Unknown command.
The goblin closely misses you.
Unknown command.
The hobgoblin no longer looks unusually strong.
Your extra speed is starting to run out.
You hit the goblin.
The goblin is moderately wounded.
You slash the goblin!
You kill the goblin!
You feel yourself slow down. You block the hobgoblin's attack.
You see here a +0 club.
You completely miss the hobgoblin. The hobgoblin hits you.
* * * LOW HITPOINT WARNING * * *
The hobgoblin hits you.
You die...

########
#....K.###########
#@####.#.g.gg..@.#
#.####g#.#######g#
#@##...#.# #g#
...#..)#g##### #g#
#..#.@.g.....# #@#
#....g.g.(##.# #.#
#.#.......# #.#
#.........##.###.#
####...#.........#
#...##......###
#...##.##.#.
##'####.##.#
##...###.#


You could see Terence, a hobgoblin and 2 goblins.

Vanquished Creatures
  An adder (D:2)
  A worm (D:2)
  A dart slug (D:2)
  3 endoplasms (D:1)
  A giant cockroach (D:1)
  9 goblins
  8 hobgoblins
  3 jackals (D:2)
  3 quokkas
  5 ball pythons
  6 bats
  A frilled lizard (D:1)
  4 kobolds
  3 rats
49 creatures vanquished.

Vanquished Creatures (others)
  41 plants (D:2)
41 creatures vanquished.

Grand Total: 90 creatures vanquished

Notes
Turn   | Place    | Note
-------+----------+-------------------------------------------
     0 | D:1      | Morbidden the Demonspawn Fighter began the quest for the
                  | Orb.
     0 | D:1      | Reached XP level 1. HP: 18/18 MP: 1/1
   356 | D:1      | Gained mutation: You have a small tail. [demonic ancestry]
   356 | D:1      | Reached XP level 2. HP: 22/24 MP: 2/2
  1098 | D:2      | Reached XP level 3. HP: 25/29 MP: 3/3
  1487 | D:2      | Found a faded altar of an unknown god.
  1658 | D:2      | Noticed Robin
  1701 | D:2      | Noticed Terence
  1724 | D:2      | Gained mutation: Your demonic aura sometimes causes spilled
                  | blood to erupt in flames. [demonic ancestry]
  1724 | D:2      | Reached XP level 4. HP: 4/35 MP: 4/4
  1753 | D:2      | Slain by a hobgoblin

Illustrated notes

Levels and vault maps discovered:
D:1:      ebering_trefoil_twist, layout_loops_corners, corexii_hall_statues_i,
          hangedman_decor_push, amethyst_killhole
D:2:      cheibrodos_old_hovel, layout_loops_corners, basic_altar, serial_bayou,
          serial_bayou_pond_e, serial_bayou_lagoon_a, serial_bayou_pond_d,
          serial_bayou_pond_a, basic_ecumenical_altar, minmay_pentomino_o4,
          uniq_terence, uniq_robin

Skill      XL: |  1  2 |
---------------+-------+-----
Axes           | 2 |  2.6
Shields        | 3 |  3.0
Armour         | 3 |  3.3
Fighting       | |  3.3
Dodging        | |  0.1
Stealth        | |  0.2

Action                   |  1- 3 |  4- 6 || total
-------------------------+-------+-------++-------
Melee: War axe           |   121 |     4 ||   125
       Tailslap          |     7 |       ||     7
  Use: Scroll            |     5 |       ||     5
       Potion            |     1 |       ||     1
Armor: Scale mail        |    77 |       ||    77
Dodge: Dodged            |    59 |     1 ||    60
Block: Buckler           |    31 |     1 ||    32

Table legend: (Time is in decaauts)
 A = Elapsed time spent in this place.
 B = Non-inter-level travel time spent in this place.
 C = Inter-level travel time spent in this place.
 D = Time resting spent in this place.
 E = Time spent auto-exploring this place.
 F = Levels seen in this place.
 G = Mean time per level.
                   A        B        C        D        E       F      G
               +--------+--------+--------+--------+--------+-----+--------+
         Total |   1794 |   1772 |     22 |      0 |   1432 |   2 |  897.0 |
       Dungeon |   1794 |   1772 |     22 |      0 |   1432 |   2 |  897.0 |
               +--------+--------+--------+--------+--------+-----+--------+

Top non-repeatable levels by time:
     D:1: 1102 daAuts
     D:2: 692 daAuts
